 Dungeon Crawl Stone Soup version 0.19.1-1-g22dce08 (console) character file.

14294 Kloppie the Cleaver (level 11, -8/97 HPs)
             Began as a Green Draconian Berserker on Jan 18, 2017.
             Was a High Priest of Trog.
             Mangled by an eight-headed hydra (9 damage)
             ... on level 1 of the Lair of Beasts.
             The game lasted 00:19:20 (12606 turns).

Kloppie the Cleaver (Green Draconian Berserker)    Turns: 12606, Time: 00:19:20

Health: -8/97      AC:  9    Str: 19    XL:     11   Next: 86%
Magic:  3/3        EV: 16    Int:  8    God:    Trog [*****.]
Gold:   611        SH:  7    Dex: 14    Spells: 0 memorised, 10 levels left

rFire  . . .     SeeInvis .     a - +2 war axe (antimagic)
rCold  . . .     Gourm    .     (armour unavailable)
rNeg   + . .     Faith    .     z - +0 buckler
rPois  +         Spirit   .     E - +1 hat {MR+}
rElec  .         Reflect  .     (no cloak)
rCorr  .         Harm     .     K - +0 pair of gloves
MR     ++++.                    (no boots)
Stlth  +.........               (no amulet)
                                M - ring of positive energy
                                n - ring of protection from magic

@: exhausted, regenerating, slowed, very slow
A: breathe noxious fumes, unfitting armour, poison resistance, cold-blooded, AC
+7
a: Breathe Noxious Fumes, Berserk, Trog's Hand, Brothers in Arms, Burn
Spellbooks, Renounce Religion


You were on level 1 of the Lair of Beasts.
You worshipped Trog.
Trog was extremely pleased with you.
You were not hungry.

You visited 2 branches of the dungeon, and saw 11 of its levels.
You also visited: Sewer.

You collected 611 gold pieces.

Inventory:

Hand Weapons
 a - a +2 antimagic war axe (weapon)
 b - a +4 demon trident of venom
Armour
 z - a +0 buckler (worn)
 E - a +1 hat of magic resistance (worn)
 K - a +0 pair of gloves (worn)
Jewellery
 n - a ring of protection from magic (left hand)
 M - a ring of positive energy (right hand)
Wands
 u - a wand of digging (8/24)
Scrolls
 d - 2 scrolls of blinking
 e - 6 scrolls of remove curse
 f - 3 scrolls of enchant armour
 g - 2 scrolls of identify
 h - 3 scrolls of amnesia {unknown}
 i - 3 scrolls of fog
 m - 7 scrolls of teleportation
 v - a scroll of recharging
 w - 2 scrolls of fear
 A - 3 scrolls of magic mapping
Potions
 c - 3 potions of haste
 j - a potion of cure mutation
 o - 5 potions of curing
 r - 2 potions of might
 t - a potion of heal wounds
 F - 2 potions of brilliance
 G - 3 potions of cancellation
Comestibles
 l - 3 slices of pizza
 x - a meat ration
 C - 5 bread rations
 J - 7 royal jellies
 N - 10 chunks of flesh


   Skills:
 + Level 9.5 Fighting
 + Level 12.1 Axes
 - Level 7.5 Dodging
 - Level 10.4 Shields


You had 10 spell levels left.
You didn't know any spells.

Dungeon Overview and Level Annotations

Branches:
Dungeon (10/15)            Temple (0/1) D:4            Lair (1/6) D:9
    Orc: D:9-12

Altars:
Ashenzari
Hepliaklqana
Makhleb
Nemelex Xobeh
Qazlal
Ru
Trog
Zin
The Shining One

Shops:
D:6 *


Innate Abilities, Weirdness & Mutations

You can breathe blasts of noxious fumes.
Your lurid green scales are hard. (AC +7)
You cannot fit into any form of body armour.
Your system is resistant to poisons. (rPois)
You are cold-blooded and may be slowed by cold attacks.


Message History

The eight-headed hydra closely misses you.
The eight-headed hydra misses you.
The eight-headed hydra bites you but does no damage.
The eight-headed hydra barely misses you.
You block the eight-headed hydra's attack.
The eight-headed hydra bites you.
* * * LOW HITPOINT WARNING * * *
The eight-headed hydra bites you!
* * * LOW HITPOINT WARNING * * *
The porcupine misses you. The eight-headed hydra misses you.
The eight-headed hydra barely misses you.
The eight-headed hydra bites you.
* * * LOW HITPOINT WARNING * * *
The eight-headed hydra barely misses you.
The eight-headed hydra misses you.
The eight-headed hydra barely misses you.
The eight-headed hydra bites you!
* * * LOW HITPOINT WARNING * * *
The eight-headed hydra bites you!
You die...

#..#.....## #. ##..##...##
. #..####..# .. ##..# ####
# #.# #...# .###.. ####
#..##
......######.P####..#####
..........................
................@.........
.....†.........FDr........
.....†....................
..........................
..........†...............
#########.#####...##P#####
### #...# ## ...P# ....##


You could see an eight-headed hydra, a spiny frog and a porcupine.

Vanquished Creatures
  Gastronok (D:9)
  Harold (D:10)
  An unseen horror (D:8)
  Pikel (D:9)
  3 hill giants
  4 spiny frogs (Lair:1)
  2 trolls (D:10)
  The ghost of fatfloppyjuicyveiny the Quickloader, a novice KoHu (D:4)
  A two-headed ogre (D:9)
  A queen bee (D:10)
  A shadow (D:10)
  2 wraiths (D:10)
  Grum (D:10)
  A hungry ghost (D:10)
  2 water moccasins
  5 orc warriors
  2 black bears
  5 ice beasts
  A slave (D:9)
  4 phantoms
  A necrophage (D:7)
  3 sky beasts
  5 ogres
  4 centaurs
  5 crocodiles
  2 big kobolds
  2 gnoll sergeants (D:10)
  5 bullfrogs
  A wyvern skeleton (D:10)
  3 scorpions
  14 killer bees
  A crimson imp (D:8)
  A howler monkey (D:8)
  A centaur skeleton (D:9)
  3 quasits
  9 orc priests
  16 hounds
  2 jellies
  9 orc wizards
  3 bullfrog skeletons
  2 gnoll shamans (D:10)
  2 iguanas
  8 worker ants
  A hound zombie (D:7)
  2 hound skeletons
  A worker ant zombie (D:10)
  Robin (D:2)
  17 adders
  26 gnolls
  2 river rats (D:9)
  5 shadow imps
  4 oozes
  2 adder skeletons
  A dart slug (D:1)
  3 leopard geckos
  24 orcs
  4 ball pythons
  A bat skeleton (D:2)
  A bat zombie (D:2)
  5 giant cockroaches
  15 goblins
  5 hobgoblins
  14 jackals
  6 quokkas
  A ball python zombie (D:6)
  21 bats
  4 frilled lizards
  A jackal skeleton (D:6)
  17 kobolds
  A quokka skeleton (D:2)
  A quokka zombie (D:2)
  22 rats
  4 fungi (D:9)
  3 plants
357 creatures vanquished.

Vanquished Creatures (others)
  2 orcs
  2 fungi (D:9)
  A plant (Sewer)
5 creatures vanquished.

Grand Total: 362 creatures vanquished

Notes
Turn   | Place    | Note
-------+----------+-------------------------------------------
     0 | D:1      | Kloppie the Draconian Berserker began the quest for the Orb.
     0 | D:1      | Reached XP level 1. HP: 19/19 MP: 1/1
   212 | D:1      | Reached XP level 2. HP: 26/26 MP: 2/2
   654 | D:1      | Reached ** piety under Trog
   771 | D:2      | Reached XP level 3. HP: 26/33 MP: 3/3
   778 | D:2      | Noticed Robin
   792 | D:2      | Killed Robin
  1086 | D:2      | Found a faded altar of an unknown god.
  1384 | D:2      | Reached skill level 4 in Axes
  1495 | D:2      | Reached XP level 4. HP: 40/41 MP: 4/4
  1759 | D:3      | Found a stormy altar of Qazlal.
  1904 | D:3      | Reached skill level 5 in Fighting
  1905 | D:3      | Reached XP level 5. HP: 48/48 MP: 5/5
  2120 | D:3      | Reached skill level 5 in Axes
  2324 | D:3      | Found a glowing drain.
  2335 | Sewer    | Entered a sewer
  2497 | Sewer    | Reached *** piety under Trog
  2855 | Sewer    | Reached XP level 6. HP: 45/57 MP: 6/6
  3691 | D:4      | Noticed fatfloppyjuicyveiny's ghost (novice KoHu)
  3702 | D:4      | Killed fatfloppyjuicyveiny's ghost
  3702 | D:4      | Reached skill level 6 in Axes
  3702 | D:4      | Your scales start taking on a lurid green colour.
  3702 | D:4      | Reached XP level 7. HP: 64/64 MP: 7/7
  3702 | D:4      | Gained mutation: Your system is resistant to poisons. (rPois) [Green Draconian growth]
  3759 | D:4      | Found a staircase to the Ecumenical Temple.
  4138 | D:4      | Found a burning altar of Makhleb.
  4140 | D:4      | Found a hazy altar of Hepliaklqana.
  4141 | D:4      | Found a glowing golden altar of the Shining One.
  4142 | D:4      | Found a sacrificial altar of Ru.
  4143 | D:4      | Found a bloodstained altar of Trog.
  4449 | D:5      | Entered Level 5 of the Dungeon
  4838 | D:5      | Reached skill level 7 in Axes
  4888 | D:5      | Reached XP level 8. HP: 60/74 MP: 8/8
  5159 | D:6      | Reached skill level 8 in Axes
  5164 | D:6      | Reached **** piety under Trog
  5173 | D:6      | You fall through a shaft!
  5542 | D:6      | Reached skill level 9 in Axes
  6026 | D:6      | Found a glowing silver altar of Zin.
  6445 | D:6      | Reached XP level 9. HP: 72/81 MP: 9/9
  6518 | D:6      | HP: 2/121 [orc warrior/glaive (14)]
  6833 | D:6      | Found Byosogg's Assorted Antiques.
  7075 | D:7      | Reached ***** piety under Trog
  7075 | D:7      | Reached skill level 5 in Dodging
  7448 | D:7      | Noticed a hill giant
  7463 | D:7      | Killed a hill giant
  8115 | D:8      | Noticed a hill giant
  8122 | D:8      | Killed a hill giant
  8122 | D:8      | Reached skill level 10 in Axes
  8122 | D:8      | Reached XP level 10. HP: 89/89 MP: 10/10
  8131 | D:8      | Killed an unseen horror
  8131 | D:8      | Reached skill level 11 in Axes
  8320 | D:8      | Found a glowing silver altar of Zin.
  9314 | D:9      | Noticed Gastronok
  9328 | D:9      | Killed Gastronok
  9328 | D:9      | Reached skill level 5 in Shields
  9405 | D:9      | Noticed Pikel
  9416 | D:9      | Killed Pikel
  9553 | D:9      | Received a gift from Trog
  9665 | D:9      | Found a staircase to the Lair.
  9958 | D:9      | Found a shattered altar of Ashenzari.
  9958 | D:9      | Found a faded altar of an unknown god.
  9963 | D:9      | Found a sparkling altar of Nemelex Xobeh.
  9970 | D:9      | Reached XP level 11. HP: 52/95 MP: 3/11
 10180 | D:9      | Found a faded altar of an unknown god.
 10181 | D:9      | Found a faded altar of an unknown god.
 10249 | D:10     | Entered Level 10 of the Dungeon
 11185 | D:10     | Noticed Harold
 11276 | D:10     | Killed Harold
 11428 | D:10     | Noticed Grum
 11434 | D:10     | Killed Grum
 11510 | D:10     | Reached skill level 10 in Shields
 11558 | D:10     | HP: 1/95 [gnoll shaman/whip (5)]
 11871 | D:10     | Noticed a hill giant
 11875 | D:10     | Killed a hill giant
 11924 | D:10     | Received a gift from Trog
 12449 | Lair:1   | Entered Level 1 of the Lair of Beasts
 12568 | Lair:1   | Reached skill level 12 in Axes
 12600 | Lair:1   | Noticed an eight-headed hydra
 12606 | Lair:1   | HP: 1/97 [eight-headed hydra (7)]
 12606 | Lair:1   | Mangled by an eight-headed hydra

Skill      XL: |  1  2  3  4  5  6  7  8  9 10 11 |
---------------+----------------------------------+-----
Fighting       | 4 5 6 8 9 |  9.5
Axes           | 4 5 6 7 9 10 11 12 | 12.1
Dodging        | 7 |  7.5
Shields        | 7 10 | 10.4

Action                   |  1- 3 |  4- 6 |  7- 9 | 10-12 || total
-------------------------+-------+-------+-------+-------++-------
Melee: Hand axe          |    89 |   229 |   342 |   161 ||   821
       Tailslap          |     9 |    43 |    47 |    67 ||   166
       War axe           |       |       |       |   317 ||   317
Invok: Berserk           |     1 |     7 |    11 |    10 ||    29
       Trog's Hand       |       |     1 |       |     4 ||     5
 Abil: Breathe Noxious F |       |       |     1 |       ||     1
  Use: Potion            |       |       |    10 |     5 ||    15
       Scroll            |       |       |    11 |     6 ||    17
 Stab: Sleeping          |     2 |       |       |     1 ||     3
  Eat: Chunk             |     2 |    15 |    25 |    23 ||    65
       Meat ration       |       |       |       |     1 ||     1
Armor: Skin              |    36 |    69 |    80 |   107 ||   292
Dodge: Dodged            |    77 |   157 |   219 |   413 ||   866
Block: Buckler           |       |       |       |   181 ||   181
